 Dungeon Crawl Stone Soup version 0.26.1-11-gd32895ea62 (webtiles) character file.

Game seed: 4001079435100774444

266519 raph the Metallomancer (level 20, -23/127 HPs)
             Began as a Gargoyle Earth Elementalist on June 4, 2021.
             Was the Champion of Ashenzari.
             Killed from afar by Xtahua (100 damage)
             ... with a searing blast
             ... on level 3 of the Vaults on June 5, 2021.
             The game lasted 02:29:14 (66814 turns).

raph the Metallomancer (GrEE)                      Turns: 66814, Time: 02:29:15

Health: -23/127    AC: 35    Str: 15    XL:     20   Next: 50%
Magic:  37/45      EV: 20    Int: 34    God:    Ashenzari [******]
Gold:   579        SH: 13    Dex: 20    Spells: 1/44 levels left

rFire    . . .     SeeInvis +   a - +8 morningstar (flame) (curse)
rCold    . . .     Faith    .   W - +2 buckler (curse)
rNeg     + . .     Spirit   .   q - +4 robe of Augmentation {Str+4 Int+4 Dex+4} (curse)
rPois    ∞         Reflect  +   t - +1 helmet (curse)
rElec    +         Harm     .   I - +2 cloak {rCorr} (curse)
rCorr    +         Rampage  .   r - +2 pair of gloves of Xifeepom {Dex+4} (curse)
Will     +....     Clarity  +   w - +2 pair of boots (curse)
Stlth    +++++.....             M - amulet of reflection (curse)
HPRegen  0.31/turn              L - +6 ring of intelligence (curse)
MPRegen  0.29/turn              P - ring of magical power (curse)

@: brilliant, flying
A: big wings, negative energy resistance 1, electricity resistance, unbreathing,
petrification resistance, miasma immunity, AC +15
}: 1/15 runes: decaying
a: Stop Flying, Renounce Religion, Curse Item, Scrying, Transfer Knowledge


You were on level 3 of the Vaults.
You worshipped Ashenzari.
Ashenzari was exalted by your worship.
You visited 6 branches of the dungeon, and saw 34 of its levels.
You also visited: Sewer and Gauntlet.

You collected 3716 gold pieces.
You spent 3137 gold pieces at shops.

Inventory:

Hand Weapons
 a - a cursed +8 morningstar of flaming (weapon)
 z - a +2 demon whip of draining
 U - a +4 morningstar
Missiles
 b - 898 stones
 n - 35 silver javelins
Armour
 q - the cursed +4 robe of Augmentation (worn) {Str+4 Int+4 Dex+4}
   (You bought it in a shop on level 11 of the Dungeon)

   It affects your strength (+4).
   It affects your intelligence (+4).
   It affects your dexterity (+4).
   It has a curse placed upon it.
 r - the cursed +2 pair of gloves of Xifeepom (worn) {Dex+4}
   (You bought it in a shop on level 2 of the Vaults)

   It affects your dexterity (+4).
   It has a curse placed upon it.
 t - a cursed +1 helmet (worn)
 w - a cursed +2 pair of boots (worn)
 C - a +1 cloak of poison resistance
 I - a cursed +2 cloak of preservation (worn)
 O - the +2 fire dragon scales of the Great Game {rF++ rC- Dex+5}
   (You found it in a Gauntlet)

   It affects your dexterity (+5).
   It greatly protects you from fire.
   It makes you vulnerable to cold.
 W - a cursed +2 buckler (worn)
Jewellery
 c - an uncursed ring of resist corrosion
 l - an uncursed amulet of the acrobat
 y - an uncursed ring of protection from fire
 L - a cursed +6 ring of intelligence (left hand)
 M - a cursed amulet of reflection (around neck)
 P - a cursed ring of magical power (right hand)
Wands
 i - a wand of acid (36)
 u - a wand of flame (48)
 N - a wand of paralysis (11)
 Q - a wand of iceblast (53)
 X - a wand of disintegration (30)
Scrolls
 d - 6 scrolls of amnesia
 f - 2 scrolls of fear
 k - 5 scrolls of magic mapping
 p - 20 scrolls of teleportation
 s - 9 scrolls of remove curse
 v - 4 scrolls of blinking
 x - a scroll of enchant armour
 A - 2 scrolls of fog
 B - 2 scrolls of holy word
 D - 4 scrolls of summoning
 G - 26 scrolls of identify
Potions
 e - 5 potions of haste
 g - 10 potions of mutation
 h - 2 potions of brilliance
 j - a potion of heal wounds
 m - 20 potions of curing
 o - 14 potions of ambrosia
 F - 4 potions of cancellation
 K - 3 potions of berserk rage
 R - a potion of invisibility
Miscellaneous
 E - a condenser vane
 H - a phantom mirror
 J - a phial of floods
 S - a lightning rod (4/4)
 V - a box of beasts


   Skills:
 * Level 14.1 Fighting
 - Level 11.8(16.0) Maces & Flails
 + Level 11.5 Armour
 + Level 5.6(10.1) Dodging
 - Level 5.7(10.2) Stealth
 - Level 2.0(4.2) Shields
 + Level 12.5 Spellcasting
 - Level 6.0(10.5) Conjurations
 + Level 5.6(10.1) Necromancy
 - Level 1.5(4.5) Transmutations
 + Level 10.1(14.3) Fire Magic
 - Level 24.0(27) Earth Magic
 - Level 4.9(9.3) Evocations


You had one spell level left.
You knew the following spells:

 Your Spells              Type           Power        Failure   Level
a - Sandblast             Erth           100%         0%          1
b - Passwall              Tmut/Erth      94%          0%          2
c - Stone Arrow           Conj/Erth      100%         0%          3
d - Lee's Rapid Deconstr  Erth           70%          0%          5
e - Bolt of Magma         Conj/Fire/Erth 59%          1%          5
f - Animate Skeleton      Necr           100%         1%          1
g - Blink                 Tloc           N/A          2%          2
h - Fireball              Conj/Fire      51%          1%          5
i - Shatter               Erth           70%          3%          9
j - Animate Dead          Necr           47%          1%          4
k - Iron Shot             Conj/Erth      61%          1%          6

Your spell library contained the following spells:

 Spells                   Type           Power        Failure   Level
 Foxfire                  Conj/Fire      100%         0%          1
 Apportation              Tloc           76%          1%          1
 Beastly Appendage        Tmut           100%         1%          1
 Corona                   Hex            42%          1%          1
 Magic Dart               Conj           100%         1%          1
 Pain                     Necr           100%         1%          1
 Sting                    Tmut/Pois      100%         1%          1
 Summon Small Mammal      Summ           100%         1%          1
 Searing Ray              Conj           100%         1%          2
 Wereblood                Tmut           67%          1%          2
 Conjure Flame            Conj/Fire      100%         1%          3
 Dazzling Flash           Conj/Hex       100%         1%          3
 Inner Flame              Hex/Fire       83%          1%          3
 Mephitic Cloud           Conj/Pois/Air  64%          1%          3
 Vampiric Draining        Necr           47%          1%          3
 Fulminant Prism          Conj/Hex       36%          1%          4
 Iskenderun's Mystic Bla  Conj/Tloc      73%          1%          4
 Leda's Liquefaction      Hex/Erth       53%          1%          4
 Petrify                  Tmut/Erth      100%         1%          4
 Sticky Flame             Conj/Fire      100%         1%          4
 Agony                    Necr           94%          1%          5
 Borgnjor's Vile Clutch   Necr/Erth      61%          1%          5
 Iskenderun's Battlesphe  Conj           96%          1%          5
 Call Imp                 Summ           38%          2%          2
 Ensorcelled Hibernation  Hex/Ice        76%          2%          2
 Slow                     Hex            38%          2%          2
 Spider Form              Tmut/Pois      27%          2%          3
 Irradiate                Conj/Tmut      41%          2%          5
 Confusing Touch          Hex            38%          4%          3
 Lesser Beckoning         Tloc           19%          4%          3
 Portal Projectile        Hex/Tloc       76%          4%          3
 Tukima's Dance           Hex            38%          4%          3
 Ice Form                 Ice/Tmut       55%          7%          4
 Blade Hands              Tmut           33%          9%          5
 Passage of Golubria      Tloc           N/A          16%         4
 Summon Lightning Spire   Summ/Air       38%          16%         4
 Alistair's Intoxication  Tmut/Pois      36%          21%         5
 Orb of Destruction       Conj           48%          22%         7
 Conjure Ball Lightning   Conj/Air       36%          30%         6
 Silence                  Hex/Air        19%          41%         5
 Summon Forest            Summ/Tloc      19%          41%         5
 Hydra Form               Tmut           33%          45%         6
 Spellforged Servitor     Conj/Summ      36%          86%         7
 Dispersal                Tloc           19%          94%         6
 Invisibility             Hex            38%          94%         6
 Shadow Creatures         Summ           N/A          94%         6
 Dragon Form              Tmut           33%          95%         7
 Disjunction              Tloc           19%          100%        8
 Dragon's Call            Summ           19%          100%        9
 Tornado                  Air            19%          100%        9
 Statue Form              Tmut/Erth      Unusable     N/A         6

Dungeon Overview and Level Annotations

Branches:
Dungeon (15/15)            Temple (0/1) D:6            Lair (6/6) D:9
  Swamp (4/4) Lair:2        Snake (4/4) Lair:4        Slime (0/5) Lair:5
    Orc (2/2) D:11            Elf (0/3) Orc:2        Vaults (3/5) D:13
  Crypt (0/3) Vaults:2     Depths (0/5) D:15          Sewer (visited)
Gauntlet (visited)

Altars:
Ashenzari
Cheibriados
Dithmenos
Gozag
Hepliaklqana
Kikubaaqudgha
Makhleb
Nemelex Xobeh
Okawaru
Sif Muna
Trog
Vehumet
Wu Jian
Xom
Yredelemnul
The Shining One
Beogh

Shops:
D:6 !   D:9 :   D:11 ([   D:14 =   Orc:2 =*?(   Snake:2 :*}}   Snake:3 *(=
Vaults:2 }[}

Annotations:
D:8 1 runed translucent door, Gwenloh's ghost, novice SpBr
Lair:1 1 runed translucent door, Gwenloh's ghost, journeyman TeVM
Lair:5 1 runed translucent door, Qoypruj's ghost, journeyman MiGl
Swamp:2 3 runed translucent doors, Afi Yxkoa's ghost, adept DgAM
Snake:4 1 exclusion, Bai Suzhen
Vaults:3 Xtahua


Innate Abilities, Weirdness & Mutations

You are resistant to torment.
Your stone body is resilient. (AC +15)
You are immune to poison.
Your large and strong wings let you fly indefinitely.
You resist negative energy. (rN+)
You are resistant to electric shocks. (rElec)
You can survive without breathing.
You are immune to petrification.
You are immune to miasma.


Message History

A metal wall.
The metal wall shatters!
The blast of metal fragments hits Xtahua!
Xtahua is lightly wounded.
Xtahua breathes fire at you. The searing blast hits you!!!
Xtahua rumbles, "YOU'RE BARELY A SNACK."
Okay, then.
Unknown command.
You feel clever all of a sudden.
Casting: Lee's Rapid Deconstruction (safe; 0% risk of failure)
Confirm with . or Enter, or press ? or * to list all spells.
You feel a surge of power!
The dungeon rumbles!
Xtahua is lightly wounded.
Ka-crash!
You hear a shout! x2
Xtahua breathes fire at you. The searing blast hits you!!!!
Ouch! That really hurt!
You die...

........#............#..#.. * *
........#............#).#.. ,
,........#..........,.#..### ,
,........#.........., #.)... ,
........#..........,,#..... ,,,
,,........#######...####.....
,,,,,,...........................
,,,, ,......D°...................
, ,,, ..........@................
* * ###########################


You could see Xtahua (catching breath).

Vanquished Creatures
  Margery (Vaults:2)
  Nikola (Vaults:2)
  2 sphinxes (Vaults:3)
  The ghost of Nys Cevy the Brawler, an adept TrFi of Qazlal (Snake:1)
  2 thorn hunters
  A tengu reaver (D:12)
  Kirke (Swamp:2)
  A fenstrider witch (Swamp:4)
  2 frost giants (Vaults:3)
  5 vault wardens
  Aizul (Vaults:2)
  7 stone giants
  6 ironheart preservers
  The ghost of Zouchyv the Brawler, a journeyman TrBr of Ru (Lair:6)
  A vampire knight (D:12)
  A deep elf demonologist (Vaults:2)
  Nessos (D:12)
  An entropy weaver (Vaults:3)
  2 bunyips
  A minotaur (Gauntlet)
  4 dire elephants (Lair:6)
  A deep elf death mage (Vaults:1)
  2 ettins
  Snorg (Lair:4)
  3 eleionomae
  3 shambling mangroves
  3 yaktaur captains
  A fire dragon (Vaults:1)
  Erolcha (D:10)
  A deep elf high priest (D:12)
  20 hydras
  4 rakshasas
  4 ogre magi
  3 great orbs of eyes
  An ice dragon (Vaults:2)
  6 vault guards
  7 naga warriors
  6 boulder beetles
  2 ghost crabs (Swamp:2)
  6 centaur warriors
  A catoblepas (Lair:6)
  A dancing weapon (Lair:6)
  3 death knights
  7 alligators
  2 tengu warriors
  14 two-headed ogres
  7 anacondas
  A deep troll earth mage (D:12)
  2 death yaks (Lair:3)
  10 naga sharpshooters
  Nergalle (D:12)
  4 orc high priests (Orc:2)
  Urug (Orc:1)
  A fire crab (shapeshifter) (Vaults:1)
  4 shock serpents
  9 deep elf knights
  6 hell knights (Vaults:2)
  A shadow wraith (Vaults:1)
  7 skeletal warriors
  A golden dragon zombie (D:15)
  5 goliath frogs
  5 spriggan druids
  An unseen horror (Vaults:1)
  A spark wasp zombie (D:15)
  2 flayed ghosts
  3 wizards
  17 swamp dragons
  7 naga ritualists
  3 bog bodies
  An orange crystal statue (Vaults:1)
  4 lindwurms (D:11)
  4 deep elf archers
  A sphinx zombie (Vaults:3)
  A harpy (Vaults:1)
  2 necromancers
  4 wolf spiders
  8 mana vipers
  12 deep elf magi
  10 ironbrand convokers
  A manticore (D:13)
  16 orc knights
  A stone giant zombie (D:15)
  A fire giant zombie (D:15)
  6 salamanders
  3 will-o-the-wisps
  19 ugly things
  A moth of wrath (Gauntlet)
  3 cyclopes
  A guardian serpent (Snake:3)
  2 centaur zombies
  23 elephants
  9 vault sentinels
  37 black mambas
  A molten gargoyle (Orc:1)
  2 guardian serpents (shapeshifter)
  A torpor snail (Lair:3)
  8 cane toads
  11 naga magi
  8 yaktaurs
  3 rime drakes
  3 freezing wraiths
  A yaktaur (shapeshifter) (Vaults:1)
  5 komodo dragons
  A tengu conjurer (D:13)
  12 tyrant leeches
  17 hornets
  2 polar bears
  A wind drake (shapeshifter) (D:14)
  8 trolls
  A bloated husk (Swamp:1)
  2 raiju (Gauntlet)
  26 slime creatures
  16 blink frogs
  A blink frog (shapeshifter) (D:12)
  8 dream sheep
  A dream sheep (shapeshifter) (Vaults:3)
  A centaur simulacrum (D:12)
  16 spriggans
  2 redbacks (Gauntlet)
  2 shadows
  A water elemental (D:13)
  4 wraiths
  22 yaks
  4 hogs (Swamp:2)
  8 wyverns
  6 basilisks
  8 vampire mosquitoes
  A warg (Orc:1)
  31 nagas
  13 swamp worms
  2 soldier ants
  3 acid dragons
  21 water moccasins
  8 swamp drakes
  2 human skeletons (Vaults:3)
  6 sky beasts
  48 orc warriors
  An eye of draining (D:12)
  2 ice beasts
  7 black bears
  8 boggarts (Vaults:3)
  A necrophage (D:15)
  10 wolves
  20 centaurs
  21 ogres
  2 big kobolds
  A wyvern zombie (D:14)
  18 bullfrogs
  A wyvern skeleton (D:12)
  3 scorpions
  A water moccasin skeleton (D:6)
  35 killer bees
  A human simulacrum (Vaults:1)
  10 wights
  5 electric eels
  4 howler monkeys
  4 bullfrog zombies
  6 centaur skeletons
  6 hounds
  2 gnoll shamans (D:8)
  40 orc priests
  9 jellies
  28 orc wizards
  3 bullfrog skeletons
  Jessica (D:2)
  4 iguanas
  Terence (D:2)
  A lightning spire (Gauntlet)
  8 worker ants
  A killer bee zombie (D:7)
  A hound zombie (D:8)
  A hound skeleton (D:7)
  A howler monkey zombie (D:5)
  Robin (D:3)
  2 worker ant zombies
  15 gnolls
  20 adders
  3 river rats (D:5)
  A shadow imp (D:7)
  5 white imps
  3 ufetubi
  3 oozes
  An adder skeleton (D:4)
  An adder zombie (D:8)
  5 worms (D:5)
  2 dart slugs
  8 leopard geckos
  117 orcs
  5 bats
  17 giant cockroaches
  2 gnoll zombies (D:2)
  13 goblins
  7 hobgoblins
  8 jackals
  19 kobolds
  5 quokkas
  5 ball pythons
  5 frilled lizards
  A jackal skeleton (D:6)
  A quokka skeleton (D:4)
  13 rats
1319 creatures vanquished.

Vanquished Creatures (collateral kills)
  Jorgrun (Swamp:1)
  A dire elephant (Lair:6)
  A queen bee (Lair:1)
  A wraith (D:11)
  2 yaks
  A bullfrog (D:11)
  An orc priest (Orc:2)
  An orc (Orc:1)
9 creatures vanquished.

Vanquished Creatures (others)
  2 bloated husks (Swamp:3)
  A hornet (Swamp:4)
  A spriggan (Swamp:3)
  A human (Swamp:2)
  21 demonic plants (Gauntlet)
  16 foxfires
  93 fungi
  152 plants
  6 toadstools (Swamp:1)
  15 withered plants
308 creatures vanquished.

Grand Total: 1636 creatures vanquished

Notes
Turn   | Place    | Note
-------+----------+-------------------------------------------
     0 | D:1      | raph the Gargoyle Earth Elementalist began the quest for
                  | the Orb.
     0 | D:1      | Reached XP level 1. HP: 10/10 MP: 3/3
   405 | D:1      | Reached skill level 1 in Transmutations
   405 | D:1      | Reached XP level 2. HP: 13/15 MP: 5/5
  1147 | D:2      | Noticed Terence
  1697 | D:2      | Learned a level 2 spell: Passwall
  1781 | D:2      | Reached XP level 3. HP: 19/19 MP: 2/6
  1919 | D:2      | Reached skill level 4 in Earth Magic
  1923 | D:2      | Found a basalt altar of Yredelemnul.
  2083 | D:2      | Noticed Jessica
  2090 | D:2      | Killed Jessica
  2287 | D:2      | Reached XP level 4. HP: 19/24 MP: 7/7
  2527 | D:2      | Learned a level 3 spell: Stone Arrow
  3275 | D:3      | Found a glowing golden altar of the Shining One.
  3303 | D:3      | Noticed Robin
  3307 | D:3      | Killed Robin
  3308 | D:3      | Reached skill level 5 in Earth Magic
  3308 | D:3      | Reached XP level 5. HP: 28/28 MP: 5/8
  4212 | D:4      | Found a snail-covered altar of Cheibriados.
  4331 | D:4      | Reached skill level 6 in Earth Magic
  4406 | D:4      | Found a shadowy altar of Dithmenos.
  4408 | D:4      | Reached XP level 6. HP: 32/32 MP: 7/9
  4488 | D:4      | Reached skill level 7 in Earth Magic
  4702 | D:4      | Reached skill level 8 in Earth Magic
  4702 | D:4      | Reached XP level 7. HP: 28/36 MP: 6/10
  5135 | D:4      | Reached skill level 9 in Earth Magic
  5417 | D:4      | Learned a level 5 spell: Lee's Rapid Deconstruction
  5435 | D:5      | Entered Level 5 of the Dungeon
  5713 | D:5      | Found a glowing drain.
  5740 | Sewer    | Entered a sewer
  6100 | Sewer    | Reached skill level 10 in Earth Magic
  6100 | Sewer    | Reached XP level 8. HP: 41/41 MP: 8/11
  6375 | D:5      | Found a broken altar of Ashenzari.
  6379 | D:5      | Saw a vision of the Swamp and the Snake Pit.
  6379 | D:5      | Noticed a naga warrior
  6379 | D:5      | Noticed a naga warrior
  6379 | D:5      | Noticed an alligator
  6379 | D:5      | Noticed a guardian serpent
  6379 | D:5      | Noticed a naga mage
  6379 | D:5      | Noticed a naga sharpshooter
  6383 | D:5      | Became a worshipper of Ashenzari the Shackled
  7225 | D:2      | Killed Terence
  7561 | D:6      | Found a staircase to the Ecumenical Temple.
  7577 | D:6      | Reached skill level 11 in Earth Magic
  7828 | D:6      | Found an iron altar of Okawaru.
  8037 | D:6      | Reached * piety under Ashenzari
  8054 | D:6      | Found Hacuinui's Distillery.
  8056 | D:6      | Reached skill level 1 in Fighting
  8056 | D:6      | Reached skill level 1 in Armour
  8057 | D:6      | Bought a potion of curing for 45 gold pieces
  8377 | D:6      | Found an opulent altar of Gozag.
  8377 | D:6      | Found a radiant altar of Vehumet.
  8836 | D:7      | Reached XP level 9. HP: 49/49 MP: 7/12
  8840 | D:7      | Reached skill level 12 in Earth Magic
  9589 | D:7      | Reached ** piety under Ashenzari
  9651 | D:8      | Found a hazy altar of Hepliaklqana.
  9846 | D:8      | Learned a level 3 spell: Conjure Flame
  9982 | D:8      | Noticed a komodo dragon
 10198 | D:8      | Killed a komodo dragon
 10199 | D:8      | Reached skill level 1 in Conjurations
 10199 | D:8      | Reached skill level 1 in Fire Magic
 10416 | D:8      | Found a shimmering blue altar of Sif Muna.
 10418 | D:8      | Found an ornate altar of the Wu Jian Council.
 10418 | D:8      | Found a burning altar of Makhleb.
 10433 | D:8      | Reached skill level 13 in Earth Magic
 10616 | D:8      | Found a runed translucent door.
 10691 | D:8      | Noticed Gwenloh's ghost (novice SpBr)
 10691 | D:8      | Noticed a centaur warrior
 10725 | D:8      | Reached XP level 10. HP: 58/58 MP: 9/15
 10910 | D:8      | Noticed a two-headed ogre
 10914 | D:8      | Killed a two-headed ogre
 10915 | D:8      | Reached skill level 5 in Fighting
 10915 | D:8      | Reached skill level 5 in Armour
 10945 | D:8      | Learned a level 1 spell: Animate Skeleton
 12126 | D:9      | Found a staircase to the Lair.
 12388 | D:9      | Found a bloodstained altar of Trog.
 12399 | D:9      | Reached skill level 14 in Earth Magic
 12667 | D:9      | Reached *** piety under Ashenzari
 12673 | D:9      | Reached XP level 11. HP: 64/64 MP: 15/18
 12754 | D:9      | Found Toret's Book Boutique.
 12767 | D:9      | Bought a book of Minor Magic for 280 gold pieces
 12770 | D:9      | Learned a level 2 spell: Blink
 12901 | Lair:1   | Entered Level 1 of the Lair of Beasts
 13356 | Lair:1   | Reached skill level 5 in Spellcasting
 13463 | Lair:1   | Identified a scroll of acquirement
 13463 | Lair:1   | Acquired a book of the Earth
 13544 | Lair:1   | Found a runed translucent door.
 13544 | Lair:1   | Noticed Gwenloh's ghost (journeyman TeVM)
 13545 | Lair:1   | Identified the +2 flail of the Fray {freeze, rN+ Dex+5}
 14547 | Lair:2   | Found a staircase to the Swamp.
 15093 | Lair:2   | Reached skill level 15 in Earth Magic
 15296 | Lair:2   | Reached **** piety under Ashenzari
 15433 | Lair:2   | Learned a level 4 spell: Leda's Liquefaction
 15434 | Lair:2   | Noticed a seven-headed hydra
 15441 | Lair:2   | Killed a seven-headed hydra
 15898 | Lair:2   | Reached XP level 12. HP: 72/72 MP: 15/21
 16288 | Lair:3   | Identified the +0 leather armour "Igoseruk" {Int+5}
 16360 | Lair:3   | Noticed a death yak
 16363 | Lair:3   | Noticed a death yak
 17226 | Lair:3   | Reached skill level 16 in Earth Magic
 17869 | Lair:3   | Killed a death yak
 17871 | Lair:3   | Killed a death yak
 18312 | Lair:4   | Found a gate leading to a gauntlet.
 18322 | Gauntlet | Entered a Gauntlet
 18322 | Gauntlet | Found a transporter.
 18322 | Gauntlet | Found a transporter.
 18323 | Gauntlet | Identified the amulet "Vyhutolato" {Acrobat rF- rN+ Int+2
                  | Dex+4}
 18331 | Gauntlet | Found a transporter.
 18352 | Gauntlet | Found a transporter.
 18357 | Gauntlet | Found a transporter.
 18359 | Gauntlet | Noticed a tengu warrior
 18367 | Gauntlet | Found a transporter.
 18382 | Gauntlet | Found a transporter.
 18388 | Gauntlet | Found a transporter.
 18402 | Gauntlet | Found a transporter.
 18408 | Gauntlet | Found a transporter.
 18409 | Gauntlet | Reached ***** piety under Ashenzari
 18411 | Gauntlet | Found a transporter.
 18436 | Gauntlet | Found a transporter.
 18962 | Gauntlet | Identified the +8 tower shield "Pylumo" {rCorr Int+3}
 18962 | Gauntlet | Noticed a minotaur
 18982 | Gauntlet | Killed a minotaur
 18983 | Gauntlet | Reached XP level 13. HP: 63/80 MP: 0/24
 19019 | Gauntlet | Identified the +2 fire dragon scales of the Great Game
                  | {rF++ rC- Dex+5}
 19116 | Gauntlet | Identified the Reference Book on Displacement
 19184 | Lair:4   | Noticed Snorg
 19457 | Lair:4   | Learned a level 5 spell: Bolt of Magma
 19461 | Lair:4   | Found a staircase to the Snake Pit.
 19659 | Lair:4   | Killed Snorg
 20323 | Lair:5   | Reached skill level 17 in Earth Magic
 20443 | Lair:5   | Reached skill level 5 in Conjurations
 21084 | Lair:5   | Found a staircase to the Slime Pits.
 21619 | Lair:5   | Identified the +1 leather armour of Idealism {Int+7}
 21630 | Lair:5   | Found a runed translucent door.
 21632 | Lair:5   | Found a shimmering altar of Xom.
 21632 | Lair:5   | Noticed Qoypruj's ghost (journeyman MiGl)
 21632 | Lair:5   | Identified the cursed +1 great sword "Orb Guardian's Peril"
                  | {chaos, Int+4}
 21990 | D:10     | Entered Level 10 of the Dungeon
 22977 | D:10     | Noticed Erolcha
 22982 | D:10     | Killed Erolcha
 22983 | D:10     | Reached skill level 1 in Maces & Flails
 23794 | D:11     | Reached skill level 5 in Fire Magic
 24028 | D:11     | Reached skill level 1 in Shields
 24241 | D:11     | Found Utifium's Armour Shop.
 24241 | D:11     | Found a staircase to the Orcish Mines.
 24241 | D:11     | Found Waokho's Weapon Shop.
 25605 | Orc:1    | Entered Level 1 of the Orcish Mines
 26257 | Orc:1    | Reached skill level 10 in Fighting
 26257 | Orc:1    | Reached skill level 10 in Armour
 26319 | Orc:1    | Gained mutation: Your large and strong wings let you fly
                  | indefinitely. [Gargoyle growth]
 26319 | Orc:1    | Reached XP level 14. HP: 88/88 MP: 26/26
 26497 | Orc:2    | Entered Level 2 of the Orcish Mines
 26605 | Orc:2    | Found a staircase to the Elven Halls.
 26643 | Orc:2    | Noticed Urug
 26738 | Orc:1    | Killed Urug
 27029 | Orc:2    | Reached ****** piety under Ashenzari
 27423 | Orc:2    | Reached skill level 5 in Maces & Flails
 28117 | Orc:2    | Found a roughly hewn altar of Beogh.
 29935 | Orc:2    | Found Owoxuw's General Store.
 29938 | Orc:2    | Found Kefyqoho's Weapon Emporium.
 29941 | Orc:2    | Found Ketrim's Magic Scroll Shoppe.
 29942 | Orc:2    | Found Wosix's Jewellery Emporium.
 29946 | Orc:2    | Bought a scroll of remove curse for 51 gold pieces
 29953 | Orc:2    | Bought a scroll of fear for 45 gold pieces
 30079 | D:11     | Bought the +4 robe of Augmentation {Str+4 Int+4 Dex+4} for
                  | 793 gold pieces
 30079 | D:11     | Found the +4 robe of Augmentation {Str+4 Int+4 Dex+4}
 30268 | D:12     | Reached skill level 18 in Earth Magic
 30610 | D:12     | Noticed Nessos
 30654 | D:12     | Noticed Nergalle
 30657 | D:12     | Killed Nergalle
 30659 | D:12     | Killed Nessos
 31090 | D:12     | Noticed a tengu reaver
 31130 | D:12     | Killed a tengu reaver
 31532 | D:12     | Identified the Papyrus of Supportive Moulding
 31971 | D:12     | Reached XP level 15. HP: 85/92 MP: 28/28
 32010 | D:12     | Learned a level 9 spell: Shatter
 32885 | D:13     | Reached skill level 10 in Maces & Flails
 33230 | D:13     | Found a gate to the Vaults.
 33602 | D:14     | Identified the +4 hunting sling "Kaxag" {vorpal, rC- Will++
                  | Dex+3 Stlth+}
 33851 | D:14     | Found a radiant altar of Vehumet.
 34189 | D:14     | Found Kaepiz Panyck's Jewellery Shoppe.
 34309 | D:14     | Found a sparkling altar of Nemelex Xobeh.
 34859 | D:15     | Entered Level 15 of the Dungeon
 35182 | D:15     | Reached skill level 19 in Earth Magic
 35641 | D:15     | Found a staircase to the Depths.
 36915 | D:15     | Reached XP level 16. HP: 97/97 MP: 14/29
 37746 | Lair:6   | Entered Level 6 of the Lair of Beasts
 37762 | Lair:6   | Reached skill level 20 in Earth Magic
 38637 | Lair:6   | Noticed Zouchyv's ghost (journeyman TrBr)
 38664 | Lair:6   | Killed Zouchyv's ghost
 38907 | Lair:6   | Found a runed translucent door.
 38908 | Lair:6   | Found a shimmering altar of Xom.
 39850 | Lair:6   | Reached skill level 21 in Earth Magic
 40263 | Lair:6   | Identified the cursed +1 robe of Insatiable Hunger {*Slow
                  | rElec rC+++}
 40263 | Lair:6   | Identified the +4 battleaxe "Rays" {antimagic, rElec rN+
                  | Int+4}
 40731 | Swamp:1  | Entered Level 1 of the Swamp
 40919 | Swamp:1  | Learned a level 5 spell: Fireball
 41279 | Swamp:1  | Noticed a thorn hunter
 41284 | Swamp:1  | Killed a thorn hunter
 42518 | Swamp:2  | Reached skill level 10 in Spellcasting
 42523 | Swamp:2  | Noticed Jorgrun
 42749 | Swamp:1  | Killed Jorgrun
 42910 | Swamp:2  | Reached skill level 22 in Earth Magic
 43100 | Swamp:2  | Noticed a thorn hunter
 43161 | Swamp:2  | Killed a thorn hunter
 43937 | Swamp:2  | Noticed Kirke
 43941 | Swamp:2  | Reached XP level 17. HP: 103/103 MP: 25/31
 43941 | Swamp:2  | Killed Kirke
 44079 | Swamp:2  | Noticed Afi Yxkoa's ghost (adept DgAM)
 44459 | Swamp:2  | Found a runed translucent gate.
 44459 | Swamp:2  | Found a runed translucent gate.
 44459 | Swamp:2  | Found a runed translucent gate.
 44526 | Swamp:2  | Acquired 629 gold pieces
 47754 | Swamp:4  | Entered Level 4 of the Swamp
 49630 | Swamp:4  | Reached skill level 23 in Earth Magic
 50237 | Swamp:4  | Got a decaying rune of Zot
 50683 | Snake:1  | Entered Level 1 of the Snake Pit
 50766 | Snake:1  | Learned a level 4 spell: Animate Dead
 50873 | Snake:1  | Reached XP level 18. HP: 111/111 MP: 22/33
 51719 | Snake:1  | Found a runed translucent door.
 51723 | Snake:1  | Noticed Nys Cevy's ghost (adept TrFi)
 51752 | Snake:1  | Killed Nys Cevy's ghost
 51753 | Snake:1  | Reached skill level 1 in Necromancy
 53910 | Snake:2  | Found Mabedap's Book Shop.
 54458 | Snake:2  | Found Xeurrac's Gadget Shop.
 54460 | Snake:2  | Found Giruy's Gadget Boutique.
 54463 | Snake:2  | Found Uqob's General Store.
 54468 | Snake:2  | Bought a condenser vane for 520 gold pieces
 54470 | Snake:2  | Bought a phantom mirror for 520 gold pieces
 54474 | Snake:2  | Bought a lightning rod (4/4) for 450 gold pieces
 54478 | Snake:2  | Bought a scroll of amnesia for 45 gold pieces
 55380 | Snake:3  | Reached skill level 1 in Evocations
 56959 | Snake:3  | Found Olunysej's Jewellery Emporium.
 57269 | Snake:3  | Found Elalubig's Assorted Antiques.
 57276 | Snake:3  | Found Eteexot's Antique Weapon Boutique.
 57839 | Snake:4  | Entered Level 4 of the Snake Pit
 58518 | Snake:4  | Noticed Bai Suzhen
 58762 | Vaults:1 | Entered Level 1 of the Vaults
 59436 | Vaults:1 | Reached XP level 19. HP: 111/117 MP: 32/34
 60295 | Vaults:1 | Reached skill level 5 in Stealth
 61971 | Vaults:2 | Identified the +1 leather armour "Kyhe" {rF+ rC+ Will+}
 61975 | Vaults:2 | Reached skill level 24 in Earth Magic
 61990 | Vaults:2 | Noticed Margery
 62376 | Vaults:2 | Found Cibifat's Armour Emporium.
 62381 | Vaults:2 | Bought the +2 pair of gloves of Xifeepom {Dex+4} for 388
                  | gold pieces
 62681 | Vaults:2 | Found a hazy altar of Hepliaklqana.
 62692 | Vaults:2 | Found Meopim's Gadget Emporium.
 63164 | Vaults:2 | Killed Margery
 63387 | Vaults:2 | Found a basalt altar of Yredelemnul.
 63443 | Vaults:2 | Noticed Nikola
 63523 | Vaults:2 | Killed Nikola
 63799 | Vaults:2 | Found a staircase to the Crypt.
 63801 | Vaults:2 | Found an ancient bone altar of Kikubaaqudgha.
 63839 | Vaults:2 | Found Biohante's Gadget Emporium.
 64257 | Vaults:2 | Noticed Aizul
 64262 | Vaults:2 | Killed Aizul
 64463 | Vaults:3 | Reached XP level 20. HP: 119/125 MP: 35/36
 64527 | Vaults:3 | Noticed Xtahua
 64689 | Vaults:3 | Reached skill level 5 in Necromancy
 64691 | Vaults:3 | Reached skill level 5 in Dodging
 64884 | Vaults:2 | Learned a level 6 spell: Iron Shot
 65582 | Vaults:3 | Identified the cursed +1 hand axe of Past Mistakes {flame,
                  | Fragile +Blink Str+4}
 65824 | Vaults:3 | Identified the +2 pair of gloves of the Fiend {*Slow Regen+
                  | rCorr Dex-2}
 66372 | Vaults:3 | Reached skill level 10 in Fire Magic
 66814 | Vaults:3 | Killed from afar by Xtahua

Illustrated notes

Levels and vault maps discovered:
D:1:      nicolae_arrival_washed_ashore, layout_loops_ring
D:2:      layout_loops_corners, lemuel_zombie_altar_yredelemnul, serial_forest,
          infiniplex_forest_clump_C, infiniplex_forest_straight_3,
          infiniplex_forest_lined_3, infiniplex_forest_clump_long,
          infiniplex_forest_clump_double, infiniplex_forest_straight_2,
          nrook_mini_backslash, grunt_ministairs_10, minmay_tromino_v4_b,
          uniq_jessica, uniq_terence
D:3:      layout_basic, tso_altar, uniq_robin
D:4:      layout_basic, kennysheep_slug_shrine, nicolae_dithmenos_shadow_blocks
D:5:      layout_gridville, lightli_sewer_entry_pipes, grunt_ashenzari_visionary
          [grunt_ashenzari_visionary_swamp, grunt_ashenzari_visionary_snake]
D:6:      layout_loops_cross, gammafunk_temple_overflow_statue,
          minmay_temple_entry_overgrown, serial_shops, nicolae_shop_trees,
          hangedman_decor_points, st_stairs_1, chequers_decorated_corner,
          okawaru_altar_gauntlet_db
D:7:      cheibrodos_quashed, layout_basic
D:8:      layout_basic, kennysheep_little_box,
          chequers_temple_overflow_statue_of_worship, ebering_ghost_inner_flame
D:9:      layout_cave_pods, lemuel_round_altar, due_lair_maze_entry_diamond,
          serial_shops, nicolae_shop_waterfront
D:10:     layout_loops_corners, uniq_erolcha
D:11:     layout_grid_maze, orc_david_3, special_room [special_room_orc],
          minmay_lindwurm_lava
D:12:     thingy_vault, layout_irregular_city,
          minmay_checkered_concentric_circles, uniq_nergalle, uniq_nessos
D:13:     layout_irregular_city, lightli_vaults_fourway_checkpoint,
          chequers_big_river, minmay_misc_feat_room, st_stairs_12
D:14:     layout_irregular_city, serial_shops, kennysheep_mini,
          serial_column_ruins, column_ruins_corridor_straight,
          column_ruins_open_small, column_ruins_columns_T,
          column_ruins_open_small, column_ruins_columns_straight,
          column_ruins_grid_1, column_ruins_columns_straight,
          lemuel_doored_altar, lemuel_altar_in_water
D:15:     gammafunk_depths_entry_grave, layout_cross, minmay_door_square
Lair:1:   layout_roguey [special_room_bee], ebering_ghost_inner_flame,
          st_stairs_8, serial_bayou_shore_a, grunt_megastairs_5
Lair:2:   layout_small_grid, minmay_swamp_entry_worms, beast_lair_carwin_3
Lair:3:   wad_woods_settlement, layout_regular_city
Lair:4:   layout_regular_city, minmay_snake_entry_guardpost_small,
          gauntlet_entry_generic, uniq_snorg
Lair:5:   layout_misc_corridors, nicolae_slime_entry_slimehenge,
          ebering_ghost_xom, grunt_megastairs_2, infiniplex_staircase_pool
Lair:6:   due_jungle_book, layout_long_grid, ebering_ghost_xom
Swamp:1:  cheibrodos_swamp_tower_of_moss, layout_falls_marsh,
          infiniplex_staircase_pool_2
Swamp:2:  nzn_winding_woodlands_medium [nzn_winding_woodlands_5x5_default,
          nzn_winding_woodlands_5x15_cabin, nzn_winding_woodlands_5x5_default,
          nzn_winding_woodlands_5x5_closed_star,
          nzn_winding_woodlands_center_triple_pond,
          nzn_winding_woodlands_5x5_cross, nzn_winding_woodlands_5x5_open_star,
          nzn_winding_woodlands_5x15_default, nzn_winding_woodlands_5x5_three],
          layout_falls_marsh, gammafunk_ghost_split,
          evilmike_swamp_ruin_rubble_1, grunt_witch_cave, uniq_kirke,
          uniq_jorgrun
Swamp:3:  layout_falls_marsh, evilmike_swamp_ruin_wall
Swamp:4:  swamp, layout_basic_swamp, swamp_pool1, hangedman_swamp_cone
Snake:1:  layout_layer_cave, gammafunk_ghost_grave
Snake:2:  layout_chambers, serial_shops, nicolae_shop_trees, lemuel_fruit_tree,
          minmay_shop_star, serial_bayou_shore_b, serial_bayou_shore_b,
          grunt_megastairs_1
Snake:3:  layout_layer_cave, serial_shops, shop, special_room,
          grunt_ministairs_9, minmay_shoptagon, serial_bayou_shore_b
Snake:4:  johnstein_snake_rune_scales, layout_gridlike, uniq_bai_suzhen
Orc:1:    layout_caves, nicolae_orc_lava_tube
Orc:2:    st_orc_pillars, layout_caves, basic_altar, minmay_orc_keep, uniq_urug
Vaults:1: v_misc_33, hangedman_vaults_hat, nicolae_vaults_triangles,
          v_alt_pattern_3, v_misc_1, nicolae_vaults_statue_guard,
          vaults_dpeg_diagonal, nicolae_vaults_stairing_the_circle,
          nicolae_vaults_border_crossing, v_misc_15, layout_vaults_omnicross
Vaults:2: minmay_crypt_entry_necro_gods, vaults_dpeg_ring,
          nicolae_vaults_circle_grid_a, v_rooms_4,
          nicolae_vaults_little_squares_3, v_alt_pattern_1, v_pattern_4,
          v_alt_pattern_3, v_misc_1, vaults_room_corners, hangedman_vaults_trim,
          vaults_room_semicircle, nicolae_vaults_diagonal_hallway_8,
          layout_vaults_ring, basic_altar, serial_shops, shop, shop, shop,
          serial_glass, uniq_aizul, uniq_margery, uniq_nikola
Vaults:3: vaults_standard_mumra_enter_the_diamond, v_misc_28, st_check,
          hangedman_vaults_variations, vaults_mumra_minichess,
          nicolae_vaults_diagonal_hallway_8, v_alt_pattern_3,
          nicolae_vaults_rhombus_5, nicolae_vaults_mini_display_case,
          layout_vaults_omnigrid, serial_glass, uniq_xtahua

Skill      XL: |  1  2  3  4  5  6  7  8  9 10 11 12 13 14 15 16 17 18 19 20 |
---------------+-------------------------------------------------------------+-----
Transmutations | 1 |  1.5
Earth Magic    | 4 5 6 8 10 11 13 14 15 16 17 18 19 22 23 24 | 24.0
Dodging        | 2 3 4 5 |  5.6
Stealth        | 3 4 5 |  5.7
Fighting       | 2 4 5 7 9 10 11 12 13 14 | 14.1
Armour         | 2 4 6 7 9 10 11 | 11.5
Spellcasting   | 3 4 6 7 8 9 10 11 12 | 12.5
Conjurations   | 1 4 6 |  6.0
Fire Magic     | 1 3 4 5 7 8 9 10 | 10.1
Maces & Flails | 3 9 11 | 11.8
Shields        | 2 |  2.0
Necromancy     | 3 4 5 |  5.6
Evocations     | 3 4 |  4.9

Action                   |  1- 3 |  4- 6 |  7- 9 | 10-12 | 13-15 | 16-18 | 19-21 || total
-------------------------+-------+-------+-------+-------+-------+-------+-------++-------
Melee: Short sword       |    33 |       |       |       |       |       |       ||    33
       Quarterstaff      |     7 |   104 |       |       |       |       |       ||   111
       Morningstar       |       |     2 |   232 |   163 |   501 |   386 |   225 ||  1509
Throw: Javelin           |       |       |       |       |       |     1 |       ||     1
 Cast: Sandblast         |    23 |    45 |   107 |    96 |    51 |     4 |       ||   326
       Stone Arrow       |       |     1 |       |    46 |   126 |    21 |     2 ||   196
       Lee's Rapid Decon |       |       |    22 |    77 |   202 |   168 |    81 ||   550
       Animate Skeleton  |       |       |       |    10 |    20 |     4 |       ||    34
       Passwall          |       |       |       |     2 |    11 |     1 |       ||    14
       Bolt of Magma     |       |       |       |       |    92 |   159 |    42 ||   293
       Blink             |       |       |       |       |     2 |    11 |     4 ||    17
       Leda's Liquefacti |       |       |       |       |     1 |       |       ||     1
       Shatter           |       |       |       |       |     3 |    21 |    13 ||    37
       Fireball          |       |       |       |       |       |   110 |    29 ||   139
       Iron Shot         |       |       |       |       |       |       |    12 ||    12
Invok: Curse Item        |       |       |     5 |     1 |     6 |       |     3 ||    15
 Abil: Fly               |       |       |       |       |     1 |       |       ||     1
Evoke: Wand              |       |       |       |       |     2 |     4 |     2 ||     8
       Box of beasts     |       |       |       |       |       |     1 |       ||     1
       Phial of floods   |       |       |       |       |       |     1 |       ||     1
  Use: Scroll            |       |       |    19 |    13 |     9 |     8 |     5 ||    54
       Potion            |       |       |       |     5 |       |     7 |     3 ||    15
 Stab: Sleeping          |     2 |     5 |     2 |     2 |     8 |     3 |     2 ||    24
       Distracted        |       |       |       |     1 |     2 |     1 |     1 ||     5
Armor: Robe              |    17 |    47 |    44 |       |   139 |   307 |    53 ||   607
       Troll leather arm |       |       |   136 |   246 |   208 |       |       ||   590
Dodge: Dodged            |    47 |    83 |   228 |   432 |   488 |   397 |    79 ||  1754
Block: Buckler           |       |       |       |       |   170 |   149 |    88 ||   407
       Reflection        |       |       |       |       |       |       |    12 ||    12
